 Dungeon Crawl Stone Soup version 0.26-a0-466-g989023bd0d (webtiles) character file.

Game seed: 6163831120964238669

13640 Apogee the Cleaver (level 11, 0/104 HPs)
             Began as a Minotaur Delver on Aug 14, 2020.
             Was a High Priest of Makhleb.
             Slain by a spectral wolf spider (6 damage)
             ... in a Gauntlet.
             The game lasted 00:18:22 (10445 turns).

Apogee the Cleaver (Minotaur Delver)               Turns: 10445, Time: 00:18:23

Health: 0/104      AC: 23    Str: 19    XL:     11   Next: 78%
Magic:  13/13      EV:  7    Int:  7    God:    Makhleb [*****.]
Gold:   598        SH:  0    Dex: 11    Spells: 10/10 levels left

rFire    . . .     SeeInvis +   I - +1 battleaxe
rCold    + + +     Faith    .   (shield currently unavailable)
rNeg     + . .     Spirit   .   X - +0 plate armour
rPois    +         Reflect  .   S - +2 hat
rElec    .         Harm     .   y - +0 cloak "Goib" {+Fly rC+++ MR- Dex-2} (curse)
rCorr    .         NoTele   +   a - +2 pair of gloves
MR       .....                  g - +0 pair of boots
Stlth    ..........             (no amulet)
HPRegen  0.27/turn              q - ring "Afituc" {rPois SInv}
MPRegen  0.13/turn              A - ring of positive energy

@: hasted and slowed, lightly drained
A: retaliatory headbutt, horns 2
a: Minor Destruction, Lesser Servant of Makhleb, Major Destruction, Greater
Servant of Makhleb, Renounce Religion, Evoke Flight


You were in a Gauntlet.
You worshipped Makhleb.
Makhleb was extremely pleased with you.
You visited 1 branch of the dungeon, and saw 11 of its levels.
You also visited: Gauntlet.

You collected 598 gold pieces.

Inventory:

Hand Weapons
 F - the +7 quick blade of Noon {flame, rElec MP+9 Str-2, unknown}
   (You found it in a Gauntlet)

   It has been specially enchanted to burn those struck by it, causing extra
   injury to most foes and up to half again as much damage against particularly
   susceptible opponents.
   It affects your strength (-2).
   It insulates you from electricity.
   It affects your magic capacity (+9).
 I - a +1 battleaxe (weapon)
   (You found it on level 2 of the Dungeon)
 J - a +3 whip
   (You found it on level 3 of the Dungeon)
Missiles
 b - 2 throwing nets {!f}
 k - 45 poisoned darts (quivered)
 r - 21 boomerangs
Armour
 a - a +2 pair of gloves (worn)
   (You found it on level 9 of the Dungeon)
 g - a +0 pair of boots (worn)
   (You found it on level 5 of the Dungeon)
 y - the cursed +0 cloak "Goib" (worn) {+Fly rC+++ MR- Dex-2}
   (You found it in a Gauntlet)

   It affects your dexterity (-2).
   It renders you almost immune to cold.
   It affects your resistance to hostile enchantments.
   It lets you fly.
   It has a curse placed upon it.
 E - the cursed -4 pair of boots of the Forest {rF+, unknown}
   (You found it in a Gauntlet)

   It protects you from fire.
   It has a curse placed upon it.
 S - a +2 hat (worn)
   (You found it on level 6 of the Dungeon)
 W - a +0 cloak
   (You found it on level 8 of the Dungeon)
 X - a +0 plate armour (worn)
   (You took it off an orc warrior on level 9 of the Dungeon)
Jewellery
 i - an uncursed ring of protection from fire
   (You found it on level 4 of the Dungeon)
 o - an uncursed ring of protection from cold
   (You found it on level 7 of the Dungeon)
 q - the ring "Afituc" (left hand) {rPois SInv}
   (You found it on level 9 of the Dungeon)

   [ring of poison resistance]

   It protects you from poison.
   It lets you see invisible.
 A - a ring of positive energy (right hand)
   (You found it on level 1 of the Dungeon)
 Y - an uncursed ring of wizardry
   (You found it on level 9 of the Dungeon)
Wands
 d - a wand of iceblast (13)
   (You found it on level 6 of the Dungeon)
 p - a wand of polymorph (10)
   (You took it off an orc on level 4 of the Dungeon)
 t - a wand of flame (21)
   (You found it on level 8 of the Dungeon)
 u - a wand of paralysis (6)
   (You found it on level 6 of the Dungeon)
 v - a wand of digging (3)
 x - a wand of acid (6)
   (You took it off Ijyb on level 5 of the Dungeon)
 O - a wand of clouds (12)
   (You found it on level 5 of the Dungeon)
 V - a wand of enslavement (8)
   (You found it on level 8 of the Dungeon)
Scrolls
 c - a scroll of fog
 e - 3 scrolls of fear
 j - 3 scrolls of remove curse {@r2}
 l - a scroll of summoning {unknown}
 n - 3 scrolls of magic mapping
 z - a scroll of enchant weapon
 C - 7 scrolls of teleportation {@r4}
 H - 3 scrolls of amnesia
 Q - a scroll of immolation {!r}
 T - 3 scrolls of enchant armour
Potions
 h - 4 potions of might
 m - 2 potions of stabbing {unknown}
 s - 2 potions of curing {@q1}
 w - a potion of heal wounds {unknown}
 B - a potion of cancellation {unknown}
 D - 2 potions of flight {unknown}
 G - a potion of degeneration {unknown}
 K - 4 potions of lignification {unknown}


   Skills:
 + Level 11.7(11.6) Fighting
 + Level 14.6(14.5) Axes
 + Level 11.1(11.0) Armour
 - Level 2.1(2.0) Dodging
 - Level 4.1(4.0) Stealth
 * Level 4.9(4.8) Invocations


You had 10 spell levels left.
You didn't know any spells.
Your spell library contained the following spells:

 Spells                   Type           Power        Failure   Level
 Animate Skeleton         Necr           #.....       100%        1
 Apportation              Tloc           #.....       100%        1
 Beastly Appendage        Tmut           #.....       100%        1
 Corona                   Hex            #......      100%        1
 Magic Dart               Conj           #...         100%        1
 Summon Small Mammal      Summ           #...         100%        1
 Blink                    Tloc           N/A          100%        2
 Call Imp                 Summ           #.......     100%        2
 Slow                     Hex            #.......     100%        2
 Wereblood                Tmut           #.......     100%        2
 Confusing Touch          Hex            #.......     100%        3
 Conjure Flame            Conj/Fire      #.......     100%        3
 Gell's Gravitas          Tloc           #.........   100%        3
 Ignite Poison            Fire/Tmut/Pois #.......     100%        3
 Inner Flame              Hex/Fire       #.......     100%        3
 Mephitic Cloud           Conj/Pois/Air  #.......     100%        3
 Spider Form              Tmut/Pois      #.........   100%        3
 Ice Form                 Ice/Tmut       #.......     100%        4
 Petrify                  Tmut/Erth      #.......     100%        4
 Sticky Flame             Conj/Fire      #.......     100%        4
 Blade Hands              Tmut           #.........   100%        5
 Metabolic Englaciation   Hex/Ice        #.........   100%        5
 Yara's Violent Unravell  Hex/Tmut       #.........   100%        5


Dungeon Overview and Level Annotations

Branches:
Dungeon (11/15)            Temple (0/1) D:4            Lair (0/6) D:11
    Orc (0/2) D:10        Gauntlet (1/1)

Altars:
Elyvilon
Fedhas
Gozag
Makhleb
Sif Muna

Annotations:
Gauntlet 9 transporters, exclusion: 4 lightning spires


Innate Abilities, Weirdness & Mutations

You reflexively headbutt those who attack you in melee.
You have a pair of horns on your head.


Message History

The centaur warrior zombie hits you but does no damage.
The death drake breathes miasma at you. The foul vapour engulfs you!
You are poisoned.
You feel your flesh rotting away!
* * * LOW HITPOINT WARNING * * *
The spectral wolf spider hits you.
* * * LOW HITPOINT WARNING * * *
You partially resist.
You feel drained.
The spectral wolf spider bites you but does no damage.
You feel better.
You are engulfed in dark miasma.
You feel as though you will be slow longer.
* * * LOW HITPOINT WARNING * * *
The centaur warrior zombie hits you but does no damage.
The death drake bites you.
* * * LOW HITPOINT WARNING * * *
The spectral wolf spider hits you but does no damage.
The spectral wolf spider bites you but does no damage.
The centaur warrior zombie hits you but does no damage.
The death drake bites you but does no damage.
The spectral wolf spider hits you but does no damage.
The spectral wolf spider bites you but does no damage.
You barely miss the death drake. You slash the spectral wolf spider!
You slash the centaur warrior zombie!
The centaur warrior zombie hits you but does no damage.
The spectral wolf spider hits you but does no damage.
The spectral wolf spider bites you but does no damage.
The death drake bites you but does no damage.
The spectral wolf spider barely misses you.
The spectral wolf spider bites you but does no damage.
The centaur warrior zombie hits you but does no damage.
The death drake bites you but does no damage.
Unknown command.
You slash the death drake!
You kill the death drake!
Makhleb accepts your kill.
Your life force feels restored.
You hit the centaur warrior zombie but do no damage.
You hit the spectral wolf spider.
The spectral wolf spider hits you but does no damage.
The spectral wolf spider bites you but does no damage.
The centaur warrior zombie hits you but does no damage.
The spectral centaur warrior misses you.
The spectral wolf spider hits you but does no damage.
The spectral wolf spider bites you.
* * * LOW HITPOINT WARNING * * *
You partially resist.
You feel drained.
The centaur warrior zombie closely misses you.
The spectral centaur warrior completely misses you.
You feel yourself speed up. The spectral wolf spider hits you.
You die...

..8...§...................§.8....
......§..8.....8.....8...........
########...............##########
:.©?=..#...#########...#...=©:$^.
#...##.#...#.[°©Z°°#...#..^.8....
.###.#.#...#...°#°.#...#^...8^...
##.##..#...#...###.#...#.......^.
..©....#.8.#..#©#Z.#.8.#h^..©....
##.##..#...#.###@Z.#...#.........
.###.#.#...#..#..Z.#...#.........
#...##Z#...#.......#...#.........
.....ZZ#...#########...#.........
########.....#.©.#.....##########
#.©.#........#...#........#.©.#..
#.8.#...8....#.©.#....8...#.8.#..
#.©.#.....###########.....#.©.#..
#######...#...[©....#...#########


You could see a spectral wolf spider, a spectral centaur warrior and a centaur
warrior zombie.

Vanquished Creatures
  2 two-headed ogres
  A death drake (Gauntlet)
  An unseen horror (D:10)
  A deep elf mage (D:8)
  A wolf spider zombie (Gauntlet)
  Psyche (D:8)
  A kobold demonologist (D:8)
  2 hippogriffs
  12 flying skulls (Gauntlet)
  A wyvern (D:8)
  7 yaks
  Eustachio (D:5)
  Grum (D:8)
  3 sky beasts
  A black bear (D:7)
  9 orc warriors
  A phantom (D:5)
  6 ogres
  An ice beast (D:6)
  3 wolves (D:8)
  5 centaurs
  A crocodile (D:11)
  9 big kobolds (D:8)
  Blork the orc (D:6)
  A gnoll sergeant (D:9)
  A wyvern zombie (D:10)
  3 bullfrogs
  A water moccasin skeleton (D:4)
  7 scorpions
  5 killer bees (D:8)
  A bullfrog zombie (D:8)
  3 centaur zombies
  5 hounds
  A jelly (D:9)
  A gnoll shaman (D:7)
  6 orc priests
  3 bullfrog skeletons
  3 centaur skeletons (D:7)
  Jessica (D:3)
  6 worker ants
  Ijyb (D:5)
  7 orc wizards
  3 iguanas (D:5)
  Terence (D:2)
  A howler monkey zombie (D:8)
  9 gnolls
  9 adders
  A shadow imp (D:5)
  5 white imps
  3 worms
  A dart slug (D:1)
  5 leopard geckos
  41 orcs
  4 giant cockroaches
  8 goblins
  12 hobgoblins
  12 jackals
  6 quokkas
  4 ball pythons
  5 bats
  A frilled lizard (D:2)
  21 kobolds
  A leopard gecko zombie (D:4)
  A quokka skeleton (D:8)
  6 rats
288 creatures vanquished.

Vanquished Creatures (others)
  4 demonic plants (Gauntlet)
4 creatures vanquished.

Grand Total: 292 creatures vanquished

Notes
Turn   | Place    | Note
-------+----------+-------------------------------------------
     0 | D:5      | Apogee the Minotaur Delver began the quest for the Orb.
     0 | D:5      | Reached XP level 1. HP: 19/19 MP: 0/0
    13 | D:5      | Noticed Eustachio
    73 | D:6      | Noticed an ice beast
    90 | D:6      | Killed an ice beast
    90 | D:6      | Reached skill level 4 in Axes
    90 | D:6      | Reached XP level 2. HP: 28/28 MP: 1/1
    90 | D:6      | Reached XP level 3. HP: 34/34 MP: 2/2
    90 | D:6      | Reached XP level 4. HP: 41/41 MP: 3/3
   132 | D:6      | Noticed an orc warrior
   154 | D:5      | Reached XP level 5. HP: 31/47 MP: 4/4
   415 | D:5      | Reached skill level 5 in Axes
   761 | D:4      | Reached skill level 5 in Fighting
   985 | D:3      | Reached XP level 6. HP: 56/56 MP: 5/5
  1878 | D:1      | Reached skill level 6 in Axes
  2299 | D:2      | Noticed Terence
  2322 | D:2      | Killed Terence
  2384 | D:2      | Found a burning altar of Makhleb.
  2384 | D:2      | Noticed a green death
  2411 | D:2      | Noticed a smoke demon
  2411 | D:2      | Noticed a neqoxec
  2413 | D:2      | Became a worshipper of Makhleb the Destroyer
  2959 | D:3      | Found a white marble altar of Elyvilon.
  3168 | D:3      | Reached * piety under Makhleb
  3393 | D:3      | Noticed Jessica
  3399 | D:3      | Killed Jessica
  3822 | D:4      | Reached XP level 7. HP: 62/62 MP: 6/6
  3921 | D:4      | Found a staircase to the Ecumenical Temple.
  3997 | D:5      | Reached skill level 7 in Axes
  4123 | D:5      | Killed Eustachio
  4128 | D:5      | Reached skill level 5 in Armour
  4394 | D:5      | Reached skill level 8 in Axes
  4459 | D:5      | Reached XP level 8. HP: 71/71 MP: 7/7
  4501 | D:5      | Found a shimmering blue altar of Sif Muna.
  4683 | D:5      | Reached skill level 9 in Axes
  4933 | D:5      | Noticed Ijyb
  4938 | D:5      | Killed Ijyb
  5465 | D:6      | Noticed Blork the orc
  5476 | D:6      | Killed Blork the orc
  5476 | D:6      | Reached ** piety under Makhleb
  5841 | D:7      | Noticed a hippogriff
  5850 | D:7      | Killed a hippogriff
  5850 | D:7      | Reached skill level 10 in Axes
  5850 | D:7      | Reached XP level 9. HP: 50/81 MP: 8/8
  6400 | D:8      | Found an opulent altar of Gozag.
  6400 | D:8      | Noticed a deep elf mage
  6428 | D:8      | Killed a deep elf mage
  6428 | D:8      | Reached skill level 11 in Axes
  6496 | D:8      | Identified the Volume of the Blaze
  6504 | D:8      | Noticed a two-headed ogre
  6512 | D:8      | Killed a two-headed ogre
  6514 | D:8      | Reached skill level 12 in Axes
  6517 | D:8      | Reached *** piety under Makhleb
  6537 | D:8      | Reached XP level 10. HP: 77/91 MP: 9/9
  7044 | D:8      | Reached skill level 10 in Fighting
  7069 | D:8      | Noticed Psyche
  7077 | D:8      | Killed Psyche
  7077 | D:8      | Reached skill level 13 in Axes
  7190 | D:8      | Noticed Grum
  7193 | D:8      | Reached **** piety under Makhleb
  7211 | D:8      | Killed Grum
  8409 | D:9      | Got a vibrating pewter ring
  8543 | D:9      | Found a blossoming altar of Fedhas.
  8641 | D:10     | Entered Level 10 of the Dungeon
  8833 | D:10     | Killed an unseen horror
  8833 | D:10     | Reached skill level 10 in Armour
  8833 | D:10     | Reached XP level 11. HP: 74/101 MP: 10/10
  8983 | D:10     | Reached skill level 14 in Axes
  9208 | D:10     | Reached skill level 1 in Invocations
  9243 | D:10     | Found a staircase to the Orcish Mines.
  9273 | D:10     | Reached ***** piety under Makhleb
  9666 | D:10     | Noticed a two-headed ogre
  9675 | D:10     | Killed a two-headed ogre
 10056 | D:11     | Found a gate leading to a gauntlet.
 10079 | Gauntlet | Entered a Gauntlet
 10079 | Gauntlet | Found a transporter.
 10087 | Gauntlet | Noticed a large abomination
 10088 | Gauntlet | Found a transporter.
 10089 | Gauntlet | Noticed a large abomination
 10100 | Gauntlet | Found a transporter.
 10104 | Gauntlet | Found a transporter.
 10122 | Gauntlet | Found a transporter.
 10135 | Gauntlet | Found a transporter.
 10139 | Gauntlet | Found a transporter.
 10143 | Gauntlet | Found a transporter.
 10152 | Gauntlet | Noticed a death drake
 10162 | Gauntlet | Found a transporter.
 10181 | Gauntlet | Found a transporter.
 10184 | Gauntlet | Found a transporter.
 10191 | Gauntlet | Found a transporter.
 10347 | Gauntlet | Got a steaming cloak
 10358 | Gauntlet | Identified the cursed +0 cloak "Goib" {+Fly rC+++ MR-
                  | Dex-2} (You found it in a Gauntlet)
 10407 | Gauntlet | Identified the ring "Afituc" {rPois SInv} (You found it on
                  | level 9 of the Dungeon)
 10422 | Gauntlet | Got a pair of steaming boots
 10425 | Gauntlet | Got a transparent quick blade
 10444 | Gauntlet | Killed a death drake
 10445 | Gauntlet | Slain by a spectral wolf spider

Illustrated notes

Levels and vault maps discovered:
D:1:      lightli_arrival_statue_moat, layout_loops_ring, nrook_uturn
D:2:      layout_basic, makhleb_altar_promises_db, uniq_terence
D:3:      layout_basic, hangedman_abyss_or_decor_stabs, minmay_misc_feat_cross,
          elyvilon_altar_5, uniq_jessica
D:4:      layout_basic, minmay_temple_entry_nine_rooms
D:5:      layout_cave_pods, basic_altar, minmay_misc_feat_tower,
          chequers_serial_rivers_room_b, minmay_between, uniq_ijyb,
          uniq_eustachio
D:6:      layout_rooms, uniq_blork_the_orc
D:7:      hangedman_cross_stitches, layout_gridville
D:8:      cheibrodos_fzero, layout_basic, special_room [special_room_kobold],
          david_defended_altar_elf, uniq_psyche, uniq_grum
D:9:      layout_cave_pools, lemuel_coloured_pillars_altar
D:10:     layout_irregular_city, david_orc_1_choice, chequers_jeans
D:11:     layout_loops_ring, erik_lair_orcish_takeover, gauntlet_entry_generic,
          uniq_sonja
Gauntlet: minmay_gauntlet_mixed_oops_all_seconds [minmay_gauntlet_arena_77_box,
          nicolae_gauntlet_arena_quarters, minmay_gauntlet_arena_77_museum,
          gammafunk_gauntlet_arena_corners,
          minmay_gauntlet_arena_77_double_cross, gammafunk_gauntlet_arena_open,
          gauntlet_exit_spiral]

Skill      XL: |  1  2  3  4  5  6  7  8  9 10 11 |
---------------+----------------------------------+-----
Fighting       | 4 5 6 7 9 10 11 | 11.7
Axes           | 4 5 6 8 10 12 13 14 | 14.6
Armour         | 2 3 4 5 6 8 10 11 | 11.1
Invocations    | 4 |  4.9
Dodging        | |  2.1
Stealth        | |  4.1

Action                   |  1- 3 |  4- 6 |  7- 9 | 10-12 || total
-------------------------+-------+-------+-------+-------++-------
Melee: Hand axe          |     8 |    86 |       |       ||    94
       Headbutt          |     3 |    28 |    44 |    64 ||   139
       War axe           |       |   144 |   214 |       ||   358
       Battleaxe         |       |       |    25 |   361 ||   386
Invok: Minor Destruction |       |       |     2 |     2 ||     4
Evoke: Wand              |     1 |       |       |       ||     1
  Use: Scroll            |       |       |     5 |     9 ||    14
       Potion            |       |       |     1 |     5 ||     6
 Stab: Paralysed         |     8 |       |       |       ||     8
       Sleeping          |       |     6 |       |       ||     6
Armor: Leather armour    |       |     2 |       |       ||     2
       Ring mail         |       |    60 |       |       ||    60
       Scale mail        |       |    35 |     2 |       ||    37
       Chain mail        |       |       |   167 |   132 ||   299
       Plate armour      |       |       |       |   215 ||   215
Dodge: Dodged            |     1 |   102 |    99 |   178 ||   380

Table legend: (Time is in decaauts)
 A = Elapsed time spent in this place.
 B = Non-inter-level travel time spent in this place.
 C = Inter-level travel time spent in this place.
 D = Time resting spent in this place.
 E = Time spent auto-exploring this place.
 F = Levels seen in this place.
 G = Mean time per level.
                   A        B        C        D        E       F      G
               +--------+--------+--------+--------+--------+-----+--------+
         Total |  10512 |  10145 |    367 |   1677 |   6214 |  12 |  876.0 |
       Dungeon |  10145 |   9778 |    367 |   1631 |   6085 |  11 |  922.3 |
      Gauntlet |    366 |    366 |      0 |     46 |    129 |   1 |  366.0 |
               +--------+--------+--------+--------+--------+-----+--------+

Top non-repeatable levels by time:
     D:8: 1699 daAuts
     D:5: 1695 daAuts
    D:10: 1395 daAuts
     D:3: 1182 daAuts
     D:4: 943 daAuts
     D:1: 766 daAuts
     D:2: 703 daAuts
     D:7: 607 daAuts
     D:9: 573 daAuts
     D:6: 528 daAuts
Gauntlet: 366 daAuts
    D:11: 48 daAuts
